 Dungeon Crawl Stone Soup version 0.31-a0-188-g5e087ee2ca (webtiles) character file.

Game seed: 3672798457099366285

52 qw the Shooter (level 3, 0/20 HPs)
             Began as a Deep Elf Hunter on June 23, 2023.
             Killed from afar by an orc wizard (6 damage)
             ... with a magic dart
             ... on level 3 of the Dungeon.
             The game lasted 00:00:32 (1783 turns).

qw the Shooter (Deep Elf Hunter)                    Turns: 1783, Time: 00:00:33

Health: 0/20       AC:  6    Str: 10    XL:     3   Next: 60%
Magic:  5/5        EV: 11    Int: 13    God:
Gold:   988        SH:  0    Dex: 18    Spells: 2/2 levels left

rFire   . . .        Y - +0 shortbow
rCold   + . .        (shield currently unavailable)
rNeg    . . .        j - +0 ring mail
rPois   .            (no helmet)
rElec   .            (no cloak)
rCorr   .            (no gloves)
SInv    .            l - +0 pair of boots
Will    .....        h - amulet of faith Stlth
                     k - ring of protection from cold
HPRegen 0.23/turn    (no ring)
MPRegen 0.09/turn

%: faith
@: confused
A: no striking features
a: no special abilities


You were on level 3 of the Dungeon.
You visited 1 branch of the dungeon, and saw 3 of its levels.

You collected 1016 gold pieces.
You spent 28 gold pieces at shops.


   Skills:
 - Level 1.5 Fighting
 + Level 7.1 Ranged Weapons
 - Level 2.4 Dodging
 - Level 1.2 Stealth


You had 2 spell levels left.
You didn't know any spells.
Your spell library was empty.

Inventory:

Hand Weapons
 Y - a +0 shortbow (weapon)
Armour
 j - a +0 ring mail (worn)
 l - a +0 pair of boots (worn)
Jewellery
 g - a ring of fire
 h - an amulet of faith (around neck)
 k - a ring of protection from cold (left hand)
Scrolls
 f - 5 scrolls of identify
Potions
 a - a potion of berserk rage {unknown}
 e - a potion of enlightenment

Dungeon Overview and Level Annotations

Branches:
Dungeon (3/15)

Altars:
Ru

Shops:
D:1 [?


Message History

The orc closely misses you. x2
The orc wizard hits you but does no damage.
The orc barely misses you. The orc hits you with a +0 mace.
The orc hits you with a +0 mace. The orc closely misses you.
The orc hits you with a +0 hand axe.
You feel less confused. The orc wizard casts a spell at you.
You are confused.
The orc hits you but does no damage. The orc misses you.
The orc wizard hits you but does no damage.
The orc barely misses you. The orc completely misses you.
The orc wizard hits you with a +0 dagger.
The orc hits you but does no damage. x2
The orc wizard hits you but does no damage.
The orc hits you but does no damage. The orc closely misses you.
The orc wizard hits you with a +0 dagger.
The orc hits you but does no damage. x2
The orc wizard barely misses you. The orc hits you but does no damage.
The orc hits you with a +0 mace.
You feel less confused.
The orc wizard hits you but does no damage.
The orc hits you but does no damage. The orc hits you with a +0 mace.
You shoot an arrow.
The arrow hits the orc but does no damage.
The orc is heavily wounded.
The orc wizard closely misses you. The orc hits you but does no damage.
The orc barely misses you.
You shoot an arrow. The arrow hits the orc.
You kill the orc!
The orc wizard mumbles some strange words.
The orc wizard flickers and vanishes!
Deactivating autopickup; reactivate with Ctrl-A.
You shoot an arrow. The arrow hits the orc!
You kill the orc!
You hear some strange, mumbled words.
You are confused.
You hear some strange, mumbled words.
A magic dart appears from out of thin air!
The magic dart hits you.
You die...

#.# ### #.. ..# #.# #.#
#.# #.# #.# #.# # #.#
######.######
#.#o####............
#.{@).##.####.####..
###.....'..# #.# #..
#.......%#######.# ##..
#.#.......#....#.# #... #
#.......#.##.#.# #...
#.......#.##.#.# #... ..#
#.#.......#.##.#.# ##..
.)##.#.......#.##.#.# #..
..#.#.#####.#.##.#.####..


You could see an orc.

Vanquished Creatures
  A worm (D:2)
  2 dart slugs
  3 orcs (D:3)
  4 bats
  5 endoplasms
  2 giant cockroaches
  2 goblins
  3 hobgoblins
  4 kobolds
  A quokka (D:1)
  5 ball pythons
  3 frilled lizards
  4 rats
39 creatures vanquished.

Notes
Turn   | Place    | Note
-------+----------+-------------------------------------------
     0 | D:1      | qw the Deep Elf Hunter began the quest for the Orb.
     0 | D:1      | Reached XP level 1. HP: 12/12 MP: 3/3
     0 | D:1      | 0 ||| qw: Version: 0.3-a-9-g12657ce
     0 | D:1      | 0 ||| qw: Game counter: 3565
     0 | D:1      | 0 ||| qw: Always use a shield: true
     0 | D:1      | 0 ||| qw: God list: Okawaru
     0 | D:1      | 0 ||| qw: Allow faded altars: false
     0 | D:1      | 0 ||| qw: Do Orc after D:15 true
     0 | D:1      | 0 ||| qw: Do second Lair branch before Depths: true
     0 | D:1      | 0 ||| qw: Lair rune preference: random
     0 | D:1      | 0 ||| qw: Plans: Normal
     0 | D:1      | 0 ||| PLANNING D:1-11
    94 | D:1      | Reached skill level 6 in Ranged Weapons
    94 | D:1      | Reached XP level 2. HP: 16/16 MP: 4/4
   312 | D:1      | Found Vaonk's Antique Armour Shop.
   320 | D:1      | 320 ||| SHOPLISTING cloak (108 gold, have 35).
   320 | D:1      | 320 ||| SHOPLISTING ring mail (96 gold, have 35).
   320 | D:1      | 320 ||| SHOPLISTING runed leather armour (120 gold, have
                  | 35).
   320 | D:1      | 320 ||| SHOPLISTING scale mail (96 gold, have 35).
   479 | D:1      | Found Cuxycal's Magic Scroll Shoppe.
   487 | D:1      | 487 ||| SHOPLISTING scroll of brand weapon (133 gold, have
                  | 35).
   487 | D:1      | 487 ||| SHOPLISTING scroll of enchant weapon (105 gold,
                  | have 35).
   487 | D:1      | 487 ||| BUYING scroll of identify (28 gold).
   487 | D:1      | Bought a scroll of identify for 28 gold pieces
   487 | D:1      | 487 ||| SHOPLISTING scroll of identify (28 gold, have 7).
   487 | D:1      | 487 ||| SHOPLISTING scroll of teleportation (42 gold, have
                  | 7).
   791 | D:1      | 791 ||| READING scroll labelled NAOZUBR COPNU.
   792 | D:1      | 792 ||| READING 2 scrolls of identify.
   792 | D:1      | 792 ||| IDENTIFYING inky potion
   793 | D:1      | 793 ||| DROPPING scroll of butterflies.
   934 | D:2      | Found a sacrificial altar of Ru.
   960 | D:2      | Reached XP level 3. HP: 19/20 MP: 5/5
  1252 | D:2      | 1252 ||| Stepping ~*~*~tactically~*~*~ (outnumbered).
  1573 | D:2      | 1573 ||| UPGRADING to +0 scale mail.
  1583 | D:2      | 1583 ||| DROPPING +0 leather armour.
  1584 | D:2      | 1584 ||| UPGRADING to +0 ring mail.
  1594 | D:2      | 1594 ||| DROPPING +0 scale mail.
  1595 | D:2      | 1595 ||| UPGRADING to +0 pair of boots.
  1600 | D:2      | 1600 ||| UPGRADING to amulet of faith.
  1605 | D:2      | 1605 ||| UPGRADING to ring of protection from cold.
  1606 | D:2      | 1606 ||| READING scroll labelled HIDIEL AFIEFY.
  1609 | D:2      | 1609 ||| READING scroll labelled QORAPO BIHY.
  1609 | D:2      | Identified a scroll of acquirement
  1609 | D:2      | 1609 ||| ACQUIRING 892 gold pieces
  1609 | D:2      | Acquired 892 gold pieces
  1611 | D:2      | 1611 ||| READING 6 scrolls of identify.
  1611 | D:2      | 1611 ||| IDENTIFYING cyan potion
  1750 | D:3      | Reached skill level 7 in Ranged Weapons
  1767 | D:3      | HP: 4/20 [orc wizard/puff of flame (5)]
  1768 | D:3      | 1768 ||| DRINKING potion of heal wounds.
  1779 | D:3      | HP: 5/20 [orc/+0 mace (2)]
  1783 | D:3      | Killed from afar by an orc wizard

Levels and vault maps discovered:
D:1:      giann_forest_graveyard, layout_basic, serial_shops, shop,
          nicolae_shop_stone
D:2:      minmay_angry_zag, layout_basic, basic_altar, corexii_corridor_pit,
          minmay_hexomino_c4
D:3:      layout_basic, roderic_lattice_a, chequers_serial_rivers_small_3

Skill      XL: |  1  2  3 |
---------------+----------+-----
Ranged Weapons | 6 7 |  7.1
Fighting       | |  1.5
Dodging        | |  2.4
Stealth        | |  1.2

Action                     || total
---------------------------++-------
   Fire: Shortbow          ||    89
    Use: Scroll            ||     5
         Potion            ||     1
 Armour: Leather armour    ||    10
         Ring mail         ||    16
  Dodge: Dodged            ||    30

Table legend:
 A = Non-vault XP
 B = Vault XP
 C = Vault XP percentage of total XP
 D = Non-vault monster count
 E = Vault monster count
 F = Vault count percentage of total count
                 A         B        C        D         E       F
            +---------+---------+-------+---------+---------+-------
      Total |      57 |      18 |  24.0 |      32 |       7 |  17.9
            +---------+---------+-------+---------+---------+-------
        D:1 |      27 |       0 |   0.0 |      16 |       0 |   0.0
        D:2 |      15 |      18 |  54.5 |      11 |       7 |  38.9
        D:3 |      15 |       0 |   0.0 |       5 |       0 |   0.0
            +---------+---------+-------+---------+---------+-------
